 Dungeon Crawl Stone Soup version 0.19-a0-593-gf2cdb02 (webtiles) character file.

3319 pk666 the Fighter (level 9, -3/83 HPs)
             Began as a Minotaur Berserker on June 10, 2016.
             Was an Elder of Trog.
             Slain by an orc warrior
             ... wielding a +0 glaive
              (11 damage)
             ... on level 8 of the Dungeon.
             The game lasted 00:11:39 (6224 turns).

pk666 the Fighter (Minotaur Berserker)              Turns: 6224, Time: 00:11:40

Health: -3/83      AC: 14    Str: 25    XL:     9   Next: 71%
Magic:  4/8        EV: 11    Int:  4    God:    Trog [****..]
Gold:   480        SH:  0    Dex: 10    Spells: 0 memorised, 8 levels left

rFire  . . .     SeeInvis .     y - +0 war axe
rCold  . . .     Gourm    .     k - +0 chain mail
rNeg   . . .     Faith    .     (no shield)
rPois  .         Spirit   .     (helmet restricted)
rElec  .         Dismiss  .     h - +1 cloak
rCorr  .         Reflect  .     E - +0 pair of gloves {archery}
SustAt .         Harm     .     (no boots)
MR     .....                    (no amulet)
Stlth  ..........               (no ring)
                                (no ring)

@: exhausted, slowed, very slow, not resistant to hostile enchantments,
extremely unstealthy
A: retaliatory headbutt, horns 2
a: Berserk, Trog's Hand, Brothers in Arms, Burn Spellbooks, Renounce Religion


You were on level 8 of the Dungeon.
You worshipped Trog.
Trog was greatly pleased with you.
You were not hungry.

You visited 1 branch of the dungeon, and saw 8 of its levels.

You collected 480 gold pieces.

Inventory:

Hand Weapons
 a - a +0 hand axe
 y - a +0 war axe (weapon)
Armour
 h - a +1 cloak (worn)
 k - a +0 chain mail (worn)
 E - a +0 pair of gloves of archery (worn)
Wands
 n - a wand of confusion (12/48)
 s - a wand of disintegration (13/24)
 v - a wand of acid (7/15)
Scrolls
 e - 2 scrolls of random uselessness {unknown}
 i - 3 scrolls of blinking {unknown}
 j - 7 scrolls of identify {unknown}
 m - 2 scrolls of fear {unknown}
 o - a scroll of teleportation {unknown}
 t - 4 scrolls of magic mapping {unknown}
 A - 2 scrolls of fog {unknown}
 B - 2 scrolls of remove curse {unknown}
 D - a scroll of recharging {unknown}
Potions
 b - 2 potions of berserk rage {unknown}
 d - 2 potions of heal wounds {unknown}
 l - a potion of flight {unknown}
 p - a potion of degeneration {unknown}
 r - 2 potions of might {unknown}
 u - a potion of mutation {unknown}
 w - 2 potions of invisibility {unknown}
 x - a potion of curing {unknown}
 z - a potion of agility {unknown}
Books
 C - a book of Necromancy

   Spells                             Type                      Level
   a - Pain                           Necromancy                   1
   b - Animate Skeleton               Necromancy                   1
   c - Vampiric Draining              Necromancy                   3
   d - Regeneration                   Charms/Necromancy            3
   e - Animate Dead                   Necromancy                   4
   f - Control Undead                 Necromancy                   4
   Trog disapproves of the use of such an item.
Comestibles
 c - 5 bread rations
 f - 3 fruits
 g - 7 beef jerkies
 q - 2 meat rations
 F - 13 chunks of flesh


   Skills:
 + Level 9.1 Fighting
 + Level 9.0 Axes
 + Level 8.6 Armour
 + Level 7.9 Dodging


You had 8 spell levels left.
You didn't know any spells.

Dungeon Overview and Level Annotations

Branches:
Dungeon (8/15)             Temple (0/1) D:7
   Lair: D:8-11

Altars:
Ashenzari
Elyvilon
Kikubaaqudgha
Makhleb
Nemelex Xobeh
Pakellas
Trog
Vehumet
Yredelemnul
The Shining One

Shops:
D:7 [=(


Innate Abilities, Weirdness & Mutations

You reflexively headbutt those who attack you in melee.
You have a pair of horns on your head.


Message History

The orc wizard is almost dead.
The orc warrior closely misses you. The orc wizard hits you with a dagger.
The orc warrior hits you from afar with a glaive.
You slash the orc wizard!
You kill the orc wizard!
Trog accepts your kill.
Trog appreciates your killing of a magic user.
Your Axes skill increases to level 9!
The orc warrior misses you. The orc warrior hits you with a glaive!
* * * LOW HITPOINT WARNING * * *
Things that are here:
a dagger; a robe; an orc corpse You closely miss the orc warrior.
The orc warrior hits you with a glaive!
* * * LOW HITPOINT WARNING * * *
You slash the orc warrior!
You headbutt the orc warrior, but do no damage.
The orc warrior is heavily wounded.
The orc warrior hits you with a glaive!
You die...

...... ...[.. ..$...
#...... ####### .......
#.....# ....... #.....#
#####o......
#....<#######.$@oo......
#.............###.......
#(....###...### .###.#.
#.....# #...# .. ###.###
#...... .## #. #...#..#
## .. ..###(## #.. ##..
. #.. ##


You could see an orc warrior and 2 orcs.

Vanquished Creatures
  A death yak (D:8)
  Pikel (D:7)
  A yak (D:8)
  An ice beast (D:7)
  A sky beast (D:5)
  An orc warrior (D:6)
  A slave (D:7)
  An eye of draining (D:8)
  4 ogres
  A centaur (D:4)
  2 crocodiles (D:8)
  A giant frog (D:7)
  A wyvern zombie (D:7)
  4 howler monkeys
  2 crimson imps
  A centaur zombie (D:6)
  3 orc priests
  A centaur skeleton (D:5)
  A hound (D:4)
  A gnoll shaman (D:5)
  2 jellies (D:6)
  6 orc wizards
  2 giant frog skeletons (D:4)
  An iguana (D:8)
  4 worker ants
  A hound zombie (D:7)
  A howler monkey zombie (D:5)
  9 gnolls
  4 adders
  3 shadow imps
  An adder skeleton (D:4)
  2 worms
  5 dart slugs (D:1)
  A giant gecko (D:1)
  26 orcs
  10 bats
  A giant cockroach (D:1)
  6 goblins
  9 hobgoblins
  6 kobolds
  2 quokkas
  2 ball pythons (D:3)
  A giant gecko skeleton (D:4)
  A giant gecko zombie (D:6)
  6 giant newts
  A quokka skeleton (D:5)
  13 rats
156 creatures vanquished.

Vanquished Creatures (others)
  A slave (D:7)
1 creature vanquished.

Grand Total: 157 creatures vanquished

Notes
Turn   | Place    | Note
--------------------------------------------------------------
     0 | D:1      | pk666 the Minotaur Berserker began the quest for the Orb.
     0 | D:1      | Reached XP level 1. HP: 19/19 MP: 0/0
    53 | D:1      | Reached XP level 2. HP: 15/27 MP: 1/1
   199 | D:1      | Reached XP level 3. HP: 8/33 MP: 2/2
   317 | D:1      | Reached ** piety under Trog
   967 | D:2      | Found a glowing golden altar of the Shining One.
  1114 | D:2      | Reached XP level 4. HP: 39/40 MP: 3/3
  1631 | D:3      | Found a bloodstained altar of Trog.
  1679 | D:3      | Reached XP level 5. HP: 46/47 MP: 4/4
  1709 | D:3      | Reached *** piety under Trog
  2363 | D:3      | You fall through a shaft for 2 floors!
  2363 | D:5      | Entered Level 5 of the Dungeon
  2387 | D:4      | Reached skill level 5 in Fighting
  2397 | D:4      | Reached skill level 5 in Axes
  2402 | D:4      | Reached XP level 6. HP: 44/56 MP: 5/5
  3064 | D:4      | Found a shattered altar of Ashenzari.
  3371 | D:4      | Found a white marble altar of Elyvilon.
  3846 | D:4      | Reached skill level 5 in Armour
  3875 | D:4      | Reached XP level 7. HP: 54/62 MP: 6/6
  4185 | D:5      | Reached **** piety under Trog
  4384 | D:5      | Reached skill level 5 in Dodging
  4813 | D:6      | Found a burning altar of Makhleb.
  4854 | D:6      | Found an ancient bone altar of Kikubaaqudgha.
  4878 | D:6      | Reached XP level 8. HP: 63/71 MP: 7/7
  4937 | D:6      | Found a radiant altar of Vehumet.
  5268 | D:7      | Found Behoy's Antique Weapon Boutique.
  5532 | D:7      | Found Fiubixor's Jewellery Shoppe.
  5541 | D:7      | Found a basalt altar of Yredelemnul.
  5550 | D:7      | Found Momofiq's Armour Emporium.
  5618 | D:7      | Found an oddly glowing altar of Pakellas.
  5651 | D:7      | Found a sparkling altar of Nemelex Xobeh.
  5784 | D:7      | Noticed Pikel
  5793 | D:7      | Killed Pikel
  5793 | D:7      | Reached XP level 9. HP: 81/81 MP: 8/8
  5982 | D:7      | Found a staircase to the Ecumenical Temple.
  6178 | D:8      | Noticed a death yak
  6196 | D:8      | Killed a death yak
  6224 | D:8      | Slain by an orc warrior

Vault maps used:
D:1:      dpeg_arrival_tiny_j, serial_bayou_pond_b
D:2:      tso_metal_star, minmay_misc_feat_hallway
D:3:      bloody_trog
D:4:      kennysheep_mini_moat, kennysheep_mini
D:5:      first_bread, minmay_misc_feat_secret_circle, minmay_misc_feat_rugged
D:6:      lemuel_round_altar, overflow_temple_1_default, basic_altar
D:7:      old_standard_altar, yredelemnul_altar_generic,
          overflow_temple_1_default, minmay_temple_entry_statues, serial_shops,
          shop, shop, shop, grunt_ogre_cave, st_stairs_1,
          minmay_misc_feat_cross, uniq_pikel
D:8:      lemuel_crystal_altar, cheibriados_altar_1, dpeg_lair_monsters,
          uniq_prince_ribbit1, uniq_psyche, uniq_erica

Skill      XL: |  1  2  3  4  5  6  7  8  9 |
---------------+----------------------------+-----
Axes           | 4 5 6 7 9 |  9.0
Armour         | 3 4 5 7 8 |  8.6
Fighting       | 4 5 6 7 9 |  9.1
Dodging        | 3 4 5 7 |  7.9

Action                   |  1- 3 |  4- 6 |  7- 9 || total
-------------------------+-------+-------+-------++-------
Melee: Hand axe          |    74 |   126 |    63 ||   263
       Headbutt          |     9 |    32 |    46 ||    87
       War axe           |       |       |   126 ||   126
Invok: Berserk           |       |       |     3 ||     3
  Eat: Chunk             |     1 |     7 |    11 ||    19
       Pizza             |       |       |     1 ||     1
Armor: Animal skin       |     9 |       |       ||     9
       Chain mail        |     8 |    70 |    79 ||   157
Dodge: Dodged            |    35 |    63 |    76 ||   174
